[Event "Titled Tuesday Blitz May 30 Early 2023"]
[White "Ryan, Joseph"]
[Black "Domingo Nunez, Ruben"]
[WhiteFideId "2500426"]
[BlackFideId "22245570"]
[WhiteElo "2457"]
[BlackElo "2404"]
[Result "0-1"]
[Round "03"]
[TimeControl "180+2"]
[Date "2023.05.30"]
[WhiteClock "0:00:12"]
[BlackClock "0:01:35"]

1. e4 g6 2. d4 Bg7 3. Nf3 c6 4. Nc3 d5 5. h3 dxe4 6. Nxe4 Nf6 7. Nxf6+ exf6 8. Bc4 O-O 9. O-O a5 10. a4 Na6 11. Re1 Nb4 12. c3 Nd5 13. Qb3 Nc7 14. Bd2 Rb8 15. Qc2 Qd6 16. Rad1 Be6 17. Bxe6 Nxe6 18. b3 Rfe8 19. Re2 Nf4 20. Bxf4 Qxf4 21. Rde1 Rxe2 22. Qxe2 Bf8 23. Qe4 Qd6 24. g3 b5 25. Kg2 bxa4 26. bxa4 Rb3 27. c4 Kg7 28. c5 Qd7 29. Rb1 Ra3 30. Rb6 Rxa4 31. Qxc6 Qxc6 32. Rxc6 Rc4 33. Ra6 a4 34. c6 Bd6 35. d5 f5 36. Ra7 Kf6 37. h4 h6 38. Rd7 Bb8 39. d6 Rxc6 40. Rd8 Bxd6 41. Nd4 Ra6 42. Nb5 a3 43. Nc3 Ke7 44. Ra8 Rxa8 0-1


[Site "https://www.chess.com"]

[Event "Titled Tuesday Blitz May 30 Early 2023"]
[White "Hirneise, Jens"]
[Black "Harikrishnan.A.Ra"]
[WhiteFideId "24614734"]
[BlackFideId "5081483"]
[WhiteElo "2345"]
[BlackElo "2271"]
[Result "0-1"]
[Round "03"]
[TimeControl "180+2"]
[Date "2023.05.30"]
[WhiteClock "0:00:14"]
[BlackClock "0:01:00"]

1. c4 e5 2. d3 Nc6 3. Nf3 f5 4. Bg5 Nf6 5. Nc3 Bb4 6. Rc1 O-O 7. e4 d6 8. Be2 h6 9. Bxf6 Qxf6 10. O-O Bxc3 11. Rxc3 fxe4 12. dxe4 Bg4 13. h3 Bxf3 14. Rxf3 Qg5 15. Qd5+ Kh8 16. Rg3 Qh4 17. Bg4 Rf6 18. c5 dxc5 19. Qxc5 Raf8 20. Bf5 Nd4 21. Qxe5 Ne2+ 22. Kh2 Nxg3 23. fxg3 Qg5 24. Qc3 c6 25. Rf4 Qh5 26. Rh4 Qe8 27. g4 Qb8+ 28. e5 Re8 29. Qg3 Qxe5 0-1


[Site "https://www.chess.com"]

[Event "Titled Tuesday Blitz May 30 Early 2023"]
[White "Shuvalova, Polina"]
[Black "Yeritsyan, Hayk"]
[WhiteFideId "24171760"]
[BlackFideId "13307320"]
[WhiteElo "2281"]
[BlackElo "2447"]
[Result "1-0"]
[Round "03"]
[TimeControl "180+2"]
[Date "2023.05.30"]
[WhiteClock "0:00:33"]
[BlackClock "0:00:07"]

1. e4 c6 2. d4 d5 3. Nc3 dxe4 4. Nxe4 Nd7 5. Bc4 Ngf6 6. Ng5 e6 7. N1f3 h6 8. Nh3 g5 9. Nhg1 Bg7 10. Ne2 Nb6 11. Bd3 Qc7 12. h4 g4 13. Bf4 Qe7 14. Ne5 c5 15. c4 cxd4 16. Nxd4 Nfd7 17. Nxd7 Bxd4 18. Nxb6 Qb4+ 19. Qd2 Qxb6 20. O-O-O Bd7 21. Be4 f5 22. Qxd4 Qxd4 23. Rxd4 fxe4 24. Rxe4 Kf7 25. Re3 h5 26. Rhe1 Rhe8 27. b3 Bc6 28. g3 a6 29. Re5 Kg6 30. Rg5+ Kf6 31. Rxh5 Ke7 32. Rg5 Rg8 33. Rge5 Kf7 34. Rxe6 Rae8 35. Rxe8 Bxe8 36. Re5 Bc6 37. h5 Re8 38. Rxe8 Bxe8 39. h6 Kg8 40. Kd2 Bg6 41. Kc3 Kf7 42. c5 Ke6 43. Kd4 Bh7 44. b4 Bg6 45. a4 Bh7 46. b5 axb5 47. axb5 Bg6 48. c6 bxc6 49. bxc6 Bh7 50. c7 Kd7 51. Be5 Kc8 52. Ke3 Bf5 53. Kf4 Bh7 54. Kxg4 Kd7 55. Kg5 1-0


[Site "https://www.chess.com"]

[Event "Titled Tuesday Blitz May 30 Early 2023"]
[White "Goryachkina, Aleksandra"]
[Black "Zaitsev, Alexander"]
[WhiteFideId "4147103"]
[BlackFideId "4164490"]
[WhiteElo "2471"]
[BlackElo "2373"]
[Result "1-0"]
[Round "03"]
[TimeControl "180+2"]
[Date "2023.05.30"]
[WhiteClock "0:00:57"]
[BlackClock "0:00:11"]

1. e4 c5 2. Nf3 g6 3. g3 Nc6 4. Bg2 Bg7 5. O-O e5 6. Na3 Nge7 7. c3 O-O 8. Re1 d5 9. exd5 Nxd5 10. Nc4 Re8 11. d3 Bf5 12. Nh4 Be6 13. a4 Qd7 14. Qc2 Rad8 15. Bg5 f6 16. Bc1 g5 17. Nf3 Bf5 18. Nfd2 Nde7 19. Ne4 b6 20. Ned6 Rf8 21. Nxf5 Nxf5 22. a5 b5 23. Ne3 Nfe7 24. Qb3+ Kh8 25. Qxb5 f5 26. Qxc5 f4 27. Nc4 f3 28. Bf1 Rf6 29. Bxg5 Rg6 30. Bxe7 Nxe7 31. Nxe5 Bxe5 32. Qxe5+ Kg8 33. Qxe7 1-0


[Site "https://www.chess.com"]

[Event "Titled Tuesday Blitz May 30 Early 2023"]
[White "Koutlas, Nikolaos"]
[Black "Vlassov, Nikolai"]
[WhiteFideId "25827138"]
[BlackFideId "4103360"]
[WhiteElo "2215"]
[BlackElo "2324"]
[Result "1-0"]
[Round "03"]
[TimeControl "180+2"]
[Date "2023.05.30"]
[WhiteClock "0:01:45"]
[BlackClock "0:00:49"]

1. c4 e5 2. Nc3 Nf6 3. g3 h5 4. Nf3 e4 5. Nh4 c6 6. d3 d5 7. Bg2 Bb4 8. O-O Bxc3 9. bxc3 Be6 10. Rb1 Qc8 11. cxd5 cxd5 12. Ba3 g5 13. dxe4 gxh4 14. exd5 Bh3 15. Qd4 Rh6 16. Qe3+ 1-0


[Site "https://www.chess.com"]

[Event "Titled Tuesday Blitz May 30 Early 2023"]
[White "Hoghmrtsyan, Artur"]
[Black "Fan_Of_Chucky"]
[WhiteFideId "13306685"]
[WhiteElo "2658"]
[BlackElo "2443"]
[Result "0-1"]
[Round "03"]
[TimeControl "180+2"]
[Date "2023.05.30"]
[WhiteClock "0:00:00"]
[BlackClock "0:00:04"]

1. d4 Nf6 2. c4 c5 3. d5 b5 4. cxb5 a6 5. b6 e6 6. Nc3 exd5 7. Nxd5 Nxd5 8. Qxd5 Nc6 9. e4 Qxb6 10. Bc4 Nd8 11. Nf3 Bb7 12. Qe5+ Ne6 13. O-O Bd6 14. Qf5 O-O-O 15. Be3 g6 16. Qf6 Bxe4 17. Rfd1 Rhe8 18. b4 Qxb4 19. Bxa6+ Kc7 20. Ne5 Bxe5 21. Qxe5+ d6 22. Qf6 Rd7 23. a4 Bc6 24. Rdb1 Qe4 25. Bf1 Qe5 26. Qh4 Qe4 27. Qg3 Qe5 28. Qh3 Qf5 29. Qh6 Qh5 30. Qxh5 gxh5 31. a5 Rb8 32. Rc1 Bb5 33. Bxb5 Rxb5 34. a6 Rb8 35. Bd2 Kb6 36. Ba5+ Ka7 37. g3 d5 38. f4 Nd4 39. Ra2 Nb3 40. Rd1 Nxa5 41. Rxa5 Rc8 42. Kf2 d4 43. Kf3 Rd6 44. Ke4 Rxa6 45. Rb5 Rb6 46. Ra1+ Kb7 47. Rba5 Re6+ 48. Kd5 d3 49. Ra7+ Kb6 50. R7a6+ Kb7 51. Ra7+ Kb6 52. Rd7 d2 53. Kc4 Re1 54. Raa7 d1=Q 55. Rdb7+ Kc6 0-1


[Site "https://www.chess.com"]

[Event "Titled Tuesday Blitz May 30 Early 2023"]
[White "Sai Han Thiha"]
[Black "Sourath Biswas"]
[WhiteFideId "13012290"]
[BlackFideId "35091484"]
[WhiteElo "1954"]
[BlackElo "2171"]
[Result "1-0"]
[Round "03"]
[TimeControl "180+2"]
[Date "2023.05.30"]
[WhiteClock "0:00:12"]
[BlackClock "0:00:03"]

1. d4 Nf6 2. Nf3 g6 3. c4 Bg7 4. Nc3 O-O 5. e4 d6 6. Be2 Nbd7 7. Be3 e5 8. d5 Qe7 9. Nd2 c5 10. g4 Ne8 11. h4 f5 12. gxf5 gxf5 13. exf5 Ndf6 14. Rg1 Bxf5 15. h5 h6 16. Bxh6 Kh7 17. Bg5 Rg8 18. Nde4 Bh6 19. Rg3 Qf7 20. Bxh6 Nxe4 21. Nxe4 Bxe4 22. Be3 Nf6 23. h6 Rxg3 24. fxg3 Rg8 25. g4 Qe7 26. g5 Nd7 27. Kd2 Nb6 28. Qg1 Bg6 29. Rf1 e4 30. Qg3 Re8 31. Rf6 Nc8 32. Bg4 Qc7 33. Bxc8 Qa5+ 34. Ke2 Qxa2 35. Qxd6 Qxb2+ 36. Bd2 e3 37. Qd7+ Kh8 38. Qg7# 1-0


[Site "https://www.chess.com"]

[Event "Titled Tuesday Blitz May 30 Early 2023"]
[White "Arabidze, Meri"]
[Black "Sprenar, Petr"]
[WhiteFideId "13604040"]
[BlackFideId "397164"]
[WhiteElo "2405"]
[BlackElo "2182"]
[Result "1-0"]
[Round "03"]
[TimeControl "180+2"]
[Date "2023.05.30"]
[WhiteClock "0:00:39"]
[BlackClock "0:00:22"]

1. Nf3 d5 2. b3 Nf6 3. e3 e6 4. Bb2 Be7 5. c4 O-O 6. Nc3 b6 7. d4 Bb7 8. Bd3 Ne4 9. O-O f5 10. Ne5 c6 11. Ne2 Nd7 12. Nf4 Nxe5 13. dxe5 Nc5 14. Bc2 dxc4 15. b4 Nd3 16. Bxd3 cxd3 17. Nxe6 Qd5 18. Nxf8 c5 19. f3 c4 20. Nxh7 Kxh7 21. Bc3 a5 22. bxa5 Bc5 23. Qe1 b5 24. Rb1 Bc6 25. Kh1 Rb8 26. a3 Bxa3 27. e6 Bd6 28. Qh4+ Kg8 29. Qg5 Be5 30. Bxe5 Qxe5 31. Qe7 Re8 32. Qf7+ Kh7 33. Qh5+ Kg8 34. Qf7+ Kh7 35. Qh5+ Kg8 36. e4 f4 37. Qxe5 1-0


[Site "https://www.chess.com"]

[Event "Titled Tuesday Blitz May 30 Early 2023"]
[White "Abdilkhair, Abilmansur"]
[Black "Lenaerts, Lennert"]
[WhiteFideId "13716417"]
[BlackFideId "211435"]
[WhiteElo "2215"]
[BlackElo "2334"]
[Result "0-1"]
[Round "03"]
[TimeControl "180+2"]
[Date "2023.05.30"]
[WhiteClock "0:00:11"]
[BlackClock "0:01:06"]

1. Nf3 d5 2. g3 c6 3. Bg2 Bg4 4. O-O Nd7 5. c4 e6 6. d3 Ngf6 7. cxd5 exd5 8. h3 Bxf3 9. Bxf3 Bd6 10. e4 dxe4 11. dxe4 Qe7 12. Nd2 O-O 13. Nc4 Bc7 14. Re1 Rad8 15. Qc2 Ne5 16. Bg2 Nxc4 17. Qxc4 Bb6 18. Bg5 h6 19. Bf4 Rfe8 20. Re2 Rd4 21. Qc2 Nxe4 22. Rae1 f5 23. Be3 Qd6 24. Bxd4 Bxd4 25. Qb3+ Kh8 26. Qf7 Rf8 27. Qc4 c5 28. Kh2 Nxf2 29. Re8 Ne4 30. Rxf8+ Qxf8 31. Qe6 Bf2 32. Rf1 Qb8 33. Rxf2 Qxg3+ 34. Kh1 Nxf2+ 35. Kg1 Nxh3+ 36. Kh1 Qxg2+ 37. Kxg2 Nf4+ 0-1


[Site "https://www.chess.com"]

[Event "Titled Tuesday Blitz May 30 Early 2023"]
[White "Pinheiro, Iung Alicio de O."]
[Black "Rodriguez, Santiago"]
[WhiteFideId "2104350"]
[BlackFideId "3000591"]
[WhiteElo "2283"]
[BlackElo "2249"]
[Result "0-1"]
[Round "03"]
[TimeControl "180+2"]
[Date "2023.05.30"]
[WhiteClock "0:00:00"]
[BlackClock "0:00:05"]

1. e4 c5 2. Nf3 Nc6 3. Nc3 e5 4. Bc4 d6 5. d3 Be7 6. Nd5 Nf6 7. Rg1 Be6 8. Nxf6+ Bxf6 9. g4 b5 10. Bxe6 fxe6 11. g5 Be7 12. Rg3 O-O 13. c3 d5 14. Qe2 b4 15. Bd2 bxc3 16. bxc3 Rb8 17. Rd1 Rb2 18. exd5 Qxd5 19. c4 Qd7 20. Rh3 Nd4 21. Qe4 Nxf3+ 22. Rxf3 Qd4 23. Rxf8+ Bxf8 24. Qc6 Qd6 25. Qxd6 Bxd6 26. Ra1 e4 27. dxe4 Be5 28. Rd1 Rxa2 29. Be3 Rc2 30. Rd8+ Kf7 31. Rd7+ Kg6 32. Rxa7 Rxc4 33. f3 Bxh2 34. Ke2 Be5 35. Ra6 Kf7 36. Ra7+ Kg6 37. Ra6 Rc2+ 38. Kd3 Rc3+ 39. Ke2 Rc2+ 40. Kd3 Rc3+ 41. Ke2 Kf7 42. Ra7+ Ke8 43. Ra6 Kd7 44. Ra7+ Kc6 45. Ra6+ Kd7 46. Ra7+ Kc8 47. Re7 Rc2+ 48. Kd1 Rc3 49. Kd2 Bd4 50. Bxd4 cxd4 51. f4 Rf3 52. Rf7 h5 0-1


[Site "https://www.chess.com"]

[Event "Titled Tuesday Blitz May 30 Early 2023"]
[White "Nasir, Zehn"]
[Black "Sanhueza, Cristian"]
[WhiteFideId "2613239"]
[BlackFideId "116815"]
[WhiteElo "1993"]
[BlackElo "2174"]
[Result "1-0"]
[Round "03"]
[TimeControl "180+2"]
[Date "2023.05.30"]
[WhiteClock "0:00:21"]
[BlackClock "0:00:00"]

1. d4 Nf6 2. Bf4 g6 3. Nc3 Bg7 4. e4 d6 5. Nf3 O-O 6. Qd2 c5 7. dxc5 dxc5 8. Qxd8 Rxd8 9. Bc4 Nc6 10. O-O Bg4 11. Ng5 Rf8 12. h3 Bd7 13. Rad1 h6 14. Nf3 Rad8 15. Rfe1 Bc8 16. Nd5 g5 17. Bc7 Rde8 18. c3 e6 19. Nxf6+ Bxf6 20. Bb5 Bd8 21. Bd6 Be7 22. Bxc6 bxc6 23. Bxe7 Rxe7 24. Rd6 Rb7 25. b3 c4 26. b4 a5 27. a3 axb4 28. axb4 Rb6 29. Ne5 Ba6 30. Nd7 Rd8 31. Nf6+ Kg7 32. Nh5+ Kg6 33. Rxd8 Kxh5 34. Rd7 Kg6 35. Ra1 e5 36. Rad1 Bc8 37. R1d6+ Kg7 38. Rc7 Ba6 39. Rdxc6 1-0


[Site "https://www.chess.com"]

[Event "Titled Tuesday Blitz May 30 Early 2023"]
[White "Grave, Jacob Templen"]
[Black "koncheto"]
[WhiteFideId "1542656"]
[WhiteElo "2189"]
[BlackElo "2611"]
[Result "1-0"]
[Round "03"]
[TimeControl "180+2"]
[Date "2023.05.30"]
[WhiteClock "0:00:03"]
[BlackClock "0:00:00"]

1. d4 Nf6 2. c4 e6 3. Nc3 c5 4. d5 exd5 5. cxd5 d6 6. e4 g6 7. Bd3 Bg7 8. Nge2 O-O 9. O-O h5 10. Bg5 Na6 11. f4 c4 12. Bxc4 Qb6+ 13. Kh1 Ng4 14. Qd2 Nf2+ 15. Rxf2 Qxf2 16. Be7 Re8 17. Bxd6 Bxc3 18. Qxc3 Rxe4 19. Ng3 Re3 20. Qf6 Bg4 21. Be5 Rxe5 22. Qxe5 Nc5 23. d6 h4 24. Rf1 Qd2 25. Qxc5 hxg3 26. hxg3 Kg7 27. Qe5+ Kh7 28. Qg5 Bf5 29. Qf6 Rh8 30. Kg1 1-0


[Site "https://www.chess.com"]

[Event "Titled Tuesday Blitz May 30 Early 2023"]
[White "Kovalevsky, Stanislav"]
[Black "Iskusnyh, Sergei"]
[WhiteFideId "13508598"]
[BlackFideId "4120027"]
[WhiteElo "2174"]
[BlackElo "2492"]
[Result "0-1"]
[Round "03"]
[TimeControl "180+2"]
[Date "2023.05.30"]
[WhiteClock "0:00:11"]
[BlackClock "0:00:10"]

1. c4 e5 2. Nc3 Bb4 3. g3 Bxc3 4. dxc3 d6 5. Bg2 Nc6 6. e4 Be6 7. Qe2 Qd7 8. h3 Nge7 9. Nf3 h6 10. g4 Ng6 11. Be3 Nf4 12. Bxf4 exf4 13. b3 a5 14. Rd1 Qe7 15. e5 dxe5 16. Nxe5 Nxe5 17. Qxe5 O-O 18. O-O a4 19. Bxb7 Rab8 20. Qe4 axb3 21. axb3 Qh4 22. Kh2 Bxg4 23. Rd3 Bh5 24. b4 Bg6 25. Qd4 Bxd3 26. Rg1 Bg6 27. Bd5 Rbd8 28. Rxg6 Rxd5 29. Qxd5 Qxf2+ 30. Rg2 Qe3 31. Qd4 g6 32. b5 Re8 33. c5 Qe6 34. b6 cxb6 35. cxb6 Qc6 36. Rb2 f3 37. b7 Rb8 38. Qb6 Qxc3 39. Rf2 Qe5+ 40. Kg1 Qg3+ 41. Kf1 Qxh3+ 42. Kg1 Qg4+ 43. Kf1 Qe4 44. Qc7 Qxb7 45. Qxb7 Rxb7 46. Rxf3 Kg7 47. Kg2 f5 48. Rd3 Rb2+ 49. Kg3 h5 50. Kf4 Kh6 51. Rd8 Rb4+ 52. Ke5 Kg5 53. Rg8 Re4+ 54. Kd5 h4 0-1


[Site "https://www.chess.com"]

[Event "Titled Tuesday Blitz May 30 Early 2023"]
[White "brm72"]
[Black "Vivas Zamora, Fabian Ernesto"]
[BlackFideId "3902480"]
[WhiteElo "2608"]
[BlackElo "2244"]
[Result "1-0"]
[Round "03"]
[TimeControl "180+2"]
[Date "2023.05.30"]
[WhiteClock "0:00:05"]
[BlackClock "0:00:00"]

1. d4 Nf6 2. c4 g6 3. Nc3 d5 4. Nf3 Bg7 5. Qb3 dxc4 6. Qxc4 O-O 7. e4 a6 8. Be2 b5 9. Qb3 c5 10. dxc5 Bb7 11. e5 Ng4 12. Bf4 Nd7 13. Rd1 Qc8 14. O-O Ngxe5 15. Nxe5 Nxe5 16. Nd5 Qxc5 17. Be3 Qd6 18. f3 Qe6 19. Bc5 Bxd5 20. Qxd5 Qxd5 21. Rxd5 Rfd8 22. Rfd1 Rxd5 23. Rxd5 e6 24. Rd2 Rc8 25. b4 Bf8 26. Rc2 Bxc5+ 27. bxc5 Rc6 28. Kf2 Nd7 29. Ke3 Rxc5 30. Rd2 Rd5 31. Rxd5 exd5 32. Kd4 Nf6 33. Ke5 Kg7 34. g4 g5 35. Bd3 h5 36. h3 hxg4 37. hxg4 Nd7+ 38. Kxd5 Kf6 39. Be4 Ke7 40. Kc6 Nf6 41. Bf5 Ng8 42. Kb6 Kd6 43. Bc8 b4 44. Bxa6 Ne7 45. Bb7 f5 46. gxf5 Nxf5 47. Be4 Ng3 48. Bg6 Ne2 49. Ka5 Nd4 50. Be4 1-0


[Site "https://www.chess.com"]

[Event "Titled Tuesday Blitz May 30 Early 2023"]
[White "Szyszylo, Rafal"]
[Black "Colas, Joshua"]
[WhiteFideId "1109626"]
[BlackFideId "2044447"]
[WhiteElo "1951"]
[BlackElo "2347"]
[Result "0-1"]
[Round "03"]
[TimeControl "180+2"]
[Date "2023.05.30"]
[WhiteClock "0:00:18"]
[BlackClock "0:00:47"]

1. e4 e5 2. Bc4 Nf6 3. Nc3 Bc5 4. d3 O-O 5. f4 d6 6. f5 c6 7. Nf3 d5 8. Bb3 Ng4 9. Bg5 Qa5 10. Rf1 d4 11. h3 dxc3 12. bxc3 Ne3 13. Nd2 Nxd1 14. Rxd1 h6 15. Bh4 Qxc3 16. Rf3 Kh7 17. Ke2 a5 18. a4 b5 19. g4 bxa4 20. Bxa4 Qb4 21. Bb3 a4 22. Bc4 Ba6 23. Be1 Qb2 24. Rb1 Qxc2 25. Ra1 Bxc4 26. dxc4 Nd7 27. Rd3 Nf6 0-1


[Site "https://www.chess.com"]

[Event "Titled Tuesday Blitz May 30 Early 2023"]
[White "Toktomushev, Teimur"]
[Black "Fiorito, Francisco"]
[WhiteFideId "14176726"]
[BlackFideId "180165"]
[WhiteElo "2116"]
[BlackElo "2341"]
[Result "0-1"]
[Round "03"]
[TimeControl "180+2"]
[Date "2023.05.30"]
[WhiteClock "0:00:01"]
[BlackClock "0:00:13"]

1. d4 Nf6 2. c4 c5 3. d5 d6 4. Nc3 e5 5. e4 Nbd7 6. Nf3 a6 7. a4 g6 8. g3 Bg7 9. Bg2 O-O 10. O-O Rb8 11. Ne1 Qe7 12. Nd3 b6 13. Be3 Ne8 14. Qd2 Nc7 15. f4 exf4 16. gxf4 b5 17. axb5 axb5 18. e5 bxc4 19. exd6 Qxd6 20. Ne4 Qxd5 21. Nf6+ Nxf6 22. Bxd5 Nfxd5 23. Bxc5 cxd3 24. Bxf8 Bxf8 25. Qxd3 Bf5 26. Qf3 Rxb2 27. Rad1 Bc5+ 28. Kh1 Nf6 29. Rfe1 Ne6 30. h3 Kg7 31. Re5 Rc2 32. Rde1 Nd4 33. Qg3 Bd6 34. Qg5 Bxe5 35. fxe5 Ne4 36. Qf4 Nf2+ 37. Kg1 0-1


[Site "https://www.chess.com"]

[Event "Titled Tuesday Blitz May 30 Early 2023"]
[White "Srebrnic, Marko"]
[Black "Antal, Gergely"]
[WhiteFideId "14603616"]
[BlackFideId "717312"]
[WhiteElo "2341"]
[BlackElo "2471"]
[Result "0-1"]
[Round "03"]
[TimeControl "180+2"]
[Date "2023.05.30"]
[WhiteClock "0:00:15"]
[BlackClock "0:00:16"]

1. e4 d5 2. exd5 Nf6 3. g3 Qxd5 4. Qf3 Bf5 5. Qxd5 Nxd5 6. c3 Be4 7. f3 Bg6 8. d4 e6 9. Ne2 c5 10. h4 Nc6 11. h5 Bxb1 12. Rxb1 cxd4 13. Nxd4 Nxd4 14. cxd4 Bd6 15. Kf2 Rc8 16. Bb5+ Ke7 17. Bd3 Nb4 18. Be4 f5 19. Bg5+ Kf7 20. Bxb7 Rc2+ 21. Ke3 Bxg3 22. f4 Bf2+ 23. Kf3 Rb8 24. a3 Rxb7 25. axb4 Rxb4 26. b3 Bxd4 27. Rhd1 Rc3+ 28. Ke2 h6 29. Bh4 Bf6 30. Bxf6 Kxf6 31. Rd7 Rxf4 32. Rg1 Rg4 33. Ra1 Rxb3 34. Raxa7 Rbg3 35. Rf7+ Ke5 36. Ra5+ Kf4 37. Ra4+ Kg5 38. Rxg7+ Kxh5 39. Rgxg4 Rxg4 40. Ra6 Re4+ 41. Kf3 Kg5 42. Ra8 Kf6 43. Rg8 Ra4 44. Rf8+ Ke5 45. Rh8 Ra3+ 46. Ke2 f4 47. Rxh6 Kf5 48. Rh8 e5 49. Rf8+ Ke4 50. Kf1 Ra2 51. Rc8 Kf5 52. Rc3 e4 53. Rc8 Kg4 54. Rc3 e3 55. Ke1 Kf3 56. Kd1 Ra1+ 57. Kc2 Rh1 58. Rc4 Kg3 59. Rc6 e2 60. Rg6+ Kf2 0-1


[Site "https://www.chess.com"]

[Event "Titled Tuesday Blitz May 30 Early 2023"]
[White "Arencibia Monduy, Antonio"]
[Black "Turayev, Shahruh"]
[WhiteFideId "3507939"]
[BlackFideId "14003856"]
[WhiteElo "2418"]
[BlackElo "2185"]
[Result "0-1"]
[Round "03"]
[TimeControl "180+2"]
[Date "2023.05.30"]
[WhiteClock "0:00:00"]
[BlackClock "0:02:01"]

1. e4 d5 2. exd5 Qxd5 3. Nc3 Qa5 4. Nf3 Nf6 5. Be2 Nc6 6. O-O Bg4 7. d3 O-O-O 8. Be3 h6 9. a3 g5 10. b4 Qf5 11. b5 Bxf3 12. Bxf3 Nd4 13. Bxd4 Rxd4 14. Ne4 e6 15. Nxf6 Qxf6 16. c3 Rd8 17. d4 h5 18. Qa4 Kb8 19. Rab1 g4 20. Be4 Bd6 21. Bxb7 Kxb7 22. Qa6+ Kb8 23. b6 cxb6 24. a4 h4 25. a5 Qf4 26. g3 hxg3 27. fxg3 Qe3+ 28. Rf2 Rxh2 29. Rxb6+ axb6 30. Qxb6+ Kc8 31. Qc6+ Bc7 32. Qa6+ Kd7 33. Qb5+ Ke7 34. Qg5+ Qxg5 0-1


[Site "https://www.chess.com"]

[Event "Titled Tuesday Blitz May 30 Early 2023"]
[White "Alexikov, Alexander"]
[Black "Mamedov, Edgar"]
[WhiteFideId "14103958"]
[BlackFideId "13739980"]
[WhiteElo "2186"]
[BlackElo "2317"]
[Result "1/2-1/2"]
[Round "03"]
[TimeControl "180+2"]
[Date "2023.05.30"]
[WhiteClock "0:00:32"]
[BlackClock "0:00:09"]

1. e4 c6 2. d3 d5 3. Nd2 e5 4. Ngf3 Bd6 5. g3 Nf6 6. Bg2 O-O 7. O-O Re8 8. Re1 Nbd7 9. c3 a5 10. a4 Nc5 11. Qc2 dxe4 12. Nxe4 Nfxe4 13. dxe4 Be6 14. Be3 Bb3 15. Qe2 Nxa4 16. Nd2 Nc5 17. Bxc5 Bxc5 18. Nxb3 Bb6 19. Red1 Qe7 20. Nd2 a4 21. Nc4 Ba7 22. Nd6 Red8 23. Nf5 Rxd1+ 24. Qxd1 Qc5 25. Qe2 b5 26. Rf1 Rd8 27. h4 g6 28. Ne3 h5 29. g4 hxg4 30. Qxg4 Rd2 31. h5 Qd6 32. hxg6 Qxg6 33. Qf3 Bxe3 34. Qxe3 Rxb2 35. Ra1 Rb3 36. Qd2 Kg7 37. c4 Rf3 38. cxb5 cxb5 39. Kf1 Rb3 40. Qc2 Qe6 41. Qd2 a3 42. Qd5 Qxd5 43. exd5 b4 44. Ke2 Rb2+ 45. Kd3 a2 46. Kc4 b3 47. Be4 f5 48. Bxf5 Rxf2 49. Kxb3 Rxf5 50. Rxa2 Rf4 51. Rd2 Kf7 52. Kc3 Ke7 53. Kd3 Kd6 54. Ke3 Rh4 55. Rd1 Rh3+ 56. Ke4 Rh4+ 57. Ke3 Ra4 58. Kf3 e4+ 59. Kf4 Rb4 60. Rd2 Rc4 61. Rd1 Rb4 62. Ke3 Ra4 63. Rd4 Rxd4 64. Kxd4 e3 65. Kxe3 Kxd5 1/2-1/2


[Site "https://www.chess.com"]

[Event "Titled Tuesday Blitz May 30 Early 2023"]
[White "KorolDimitriy75"]
[Black "Streltsov, Alexey"]
[BlackFideId "24104434"]
[WhiteElo "2411"]
[BlackElo "2593"]
[Result "1-0"]
[Round "03"]
[TimeControl "180+2"]
[Date "2023.05.30"]
[WhiteClock "0:00:11"]
[BlackClock "0:00:25"]

1. d4 d5 2. c4 e6 3. Nc3 c6 4. e3 f5 5. f4 Nh6 6. Nf3 Nf7 7. Be2 Bd6 8. O-O O-O 9. Ne5 b6 10. Qb3 Bb7 11. Bd2 Nd7 12. Rac1 Rc8 13. a3 Ba6 14. Qa4 Bxc4 15. Bxc4 Bxe5 16. fxe5 dxc4 17. Qxc4 Ndxe5 18. Qxe6 g6 19. Rcd1 Qd7 20. Qb3 Ng4 21. h3 Nf6 22. Bc1 Nd5 23. e4 fxe4 24. Nxe4 Kg7 25. Bg5 Nxg5 26. Nxg5 Rf5 27. Qg3 h6 28. Nf3 Ne3 29. Ne5 Rxf1+ 30. Rxf1 Qe6 31. Qxe3 Rf8 32. Rxf8 Kxf8 33. Qe4 Kg7 34. Qxc6 Qf5 35. Qd7+ Kg8 36. Qxf5 gxf5 37. Kf2 Kg7 38. Kf3 Kf6 39. Kf4 Ke6 40. g3 Kd5 41. Ke3 h5 42. b3 b5 43. Kd3 a5 44. h4 a4 45. b4 Kd6 46. Ng6 Ke6 47. Nf4+ Kf6 48. Nxh5+ Kg6 49. Nf4+ Kf7 50. h5 Kf6 51. d5 Kg5 52. Kd4 Kg4 53. d6 Kxg3 54. d7 Kxf4 55. d8=Q Kg3 56. Qd6+ f4 57. Qe5 Kf3 58. h6 Kg4 59. h7 f3 60. h8=Q f2 61. Qhg7+ Kf3 62. Qgf6+ Kg2 63. Qef4 Kh1 64. Qf3+ Kg1 65. Qxf2+ Kh1 66. Qh6# 1-0


[Site "https://www.chess.com"]

[Event "Titled Tuesday Blitz May 30 Early 2023"]
[White "Do Nascimento,Christian Almeida"]
[Black "Mazurkiewicz, Michal"]
[WhiteFideId "2143801"]
[BlackFideId "1124943"]
[WhiteElo "2118"]
[BlackElo "2054"]
[Result "0-1"]
[Round "03"]
[TimeControl "180+2"]
[Date "2023.05.30"]
[WhiteClock "0:00:00"]
[BlackClock "0:00:58"]

1. e4 d6 2. d4 Nf6 3. Nc3 c6 4. Nf3 Bg4 5. Be2 e6 6. O-O d5 7. e5 Nfd7 8. h3 Bh5 9. Be3 c5 10. dxc5 Bxc5 11. Bxc5 Nxc5 12. Qd4 Qb6 13. Nb5 O-O 14. a4 Bxf3 15. Bxf3 Nc6 16. Qf4 Nd7 17. Rfe1 a6 18. Nd6 Ncxe5 19. Rxe5 Nxe5 20. Qxe5 Rad8 21. Nxf7 Rxf7 22. Re1 Rf6 23. Re2 Qd6 24. Qd4 Kh8 25. b3 b5 26. axb5 axb5 27. Qd3 b4 28. Qd4 Rc8 29. Re5 Qc5 30. Qh4 Qxc2 31. Qg4 Qc1+ 32. Kh2 Qc7 33. Qg3 Rg6 0-1


[Site "https://www.chess.com"]

[Event "Titled Tuesday Blitz May 30 Early 2023"]
[White "Lopez Del Alamo, Antonio"]
[Black "Gontcharov, Vladislav"]
[WhiteFideId "2227339"]
[BlackFideId "4123492"]
[WhiteElo "2175"]
[BlackElo "2420"]
[Result "1-0"]
[Round "03"]
[TimeControl "180+2"]
[Date "2023.05.30"]
[WhiteClock "0:00:58"]
[BlackClock "0:00:04"]

1. e4 e6 2. d3 d5 3. Nd2 c5 4. Ngf3 Nc6 5. g3 g6 6. Bg2 Bg7 7. O-O Nf6 8. Re1 O-O 9. c3 a5 10. a4 b6 11. Qc2 Ba6 12. Bf1 Qc7 13. Nb1 Rac8 14. Na3 Rfd8 15. Bf4 e5 16. Bg5 h6 17. Bxf6 Bxf6 18. exd5 Rxd5 19. Nd2 Rcd8 20. Nb5 Qc8 21. Nc4 Qb7 22. Bg2 Rxd3 23. Rad1 e4 24. Bxe4 Rxd1 25. Rxd1 Qb8 26. Bxc6 Rxd1+ 27. Qxd1 Kg7 28. Bg2 Qe8 29. h4 Bxb5 30. axb5 Qxb5 31. Qd5 Qb3 32. Nd6 Qxd5 33. Bxd5 a4 34. Nxf7 a3 35. bxa3 Bxc3 36. a4 Kf6 37. Nd6 Ke5 38. Ne4 Ba5 39. Bc6 Kd4 40. Kf1 Kd3 41. Nd6 Kc3 42. Bb5 Kd4 43. Nc4 Bc3 44. Ke2 Bb4 45. Nxb6 Ke5 46. Nc4+ Kd4 47. a5 1-0


[Site "https://www.chess.com"]

[Event "Titled Tuesday Blitz May 30 Early 2023"]
[White "Rangel, Daniel"]
[Black "Shuvalov, Evgenij"]
[WhiteFideId "2124475"]
[BlackFideId "4187237"]
[WhiteElo "2256"]
[BlackElo "2080"]
[Result "0-1"]
[Round "03"]
[TimeControl "180+2"]
[Date "2023.05.30"]
[WhiteClock "0:00:10"]
[BlackClock "0:00:19"]

1. c4 Nf6 2. d4 g6 3. Nc3 d5 4. cxd5 Nxd5 5. Nf3 Bg7 6. e3 c5 7. Bb5+ Nc6 8. O-O O-O 9. h3 Nxc3 10. bxc3 Qa5 11. Bxc6 bxc6 12. a4 Qxc3 13. Bd2 Qd3 14. Rc1 cxd4 15. Nxd4 Bb7 16. Bb4 Qxd1 17. Rfxd1 Bf6 18. Nxc6 Bxc6 19. Rxc6 a5 20. Bc3 Bxc3 21. Rxc3 Rfc8 22. Rxc8+ Rxc8 23. Rd5 Ra8 24. Rb5 h5 25. g4 hxg4 26. hxg4 f6 27. Kg2 Kf7 28. f4 Ra7 29. Kf3 Ke6 30. Rb6+ Kf7 31. Ke4 Rc7 32. Kd3 Rd7+ 33. Kc3 Rd1 34. Rb5 Rg1 35. g5 fxg5 36. fxg5 Rc1+ 37. Kd3 Ra1 38. Rxa5 Ke6 39. Ke4 Ra3 40. Ra6+ Kf7 41. Kf4 Ra1 42. a5 Rf1+ 43. Ke4 Rg1 44. Kf4 Rf1+ 45. Ke4 Rg1 46. Ra8 Rxg5 47. a6 Ra5 48. a7 Ra4+ 49. Kf3 Ra1 50. Kf4 Ra4+ 51. e4 Ra5 52. Ke3 Ra3+ 53. Kd4 g5 54. Ke5 g4 55. Kf4 g3 56. Rh8 g2 57. a8=Q Rxa8 58. Rxa8 g1=Q 59. Ra5 Qf2+ 60. Kg4 Qe2+ 61. Kh3 Qe3+ 62. Kg2 Qd2+ 63. Kf3 Qxa5 0-1


[Site "https://www.chess.com"]